 Dungeon Crawl Stone Soup version 0.26.1-11-gd32895ea62 (webtiles) character file.

Game seed: 2225404773795293594

1045 Zeld the Slasher (level 8, 1/60 HPs)
             Began as a Human Gladiator on June 12, 2021.
             Was an Initiate of the Shining One (penitent).
             Quit the game on level 5 of the Dungeon.
             The game lasted 00:05:06 (6574 turns).

Zeld the Slasher (Human Gladiator)                  Turns: 6574, Time: 00:05:07

Health: 1/60       AC: 11    Str: 18    XL:     8   Next: 50%
Magic:  8/8        EV:  4    Int:  8    God:    the Shining One [*]
Gold:   161        SH:  7    Dex: 14    Spells: 7/7 levels left

rFire    . . .     SeeInvis .   a - +0 long sword
rCold    . . .     Faith    .   q - +0 kite shield
rNeg     . . .     Spirit   .   f - +0 plate armour
rPois    .         Reflect  .   c - +0 helmet
rElec    .         Harm     .   (no cloak)
rCorr    .         Rampage  .   (no gloves)
Will     .....                  (no boots)
Stlth    ..........             (no amulet)
HPRegen  0.20/turn              (no ring)
MPRegen  0.11/turn              (no ring)

@: lethally poisoned (1 -> -32)
A: no striking features
a: Renounce Religion


You were on level 5 of the Dungeon.
You worshipped the Shining One.
The Shining One was demanding penance.
You visited 2 branches of the dungeon, and saw 6 of its levels.

You collected 161 gold pieces.

Inventory:

Hand Weapons
 a - a +0 long sword (weapon)
Missiles
 e - 84 stones (quivered)
 j - 4 silver javelins
 p - 7 datura-tipped darts
Armour
 c - a +0 helmet (worn)
 f - a +0 plate armour (worn)
 q - a +0 kite shield (worn)
Jewellery
 t - a cursed ring of teleportation {unknown}
 w - the ring "Qiguaviu" {Wiz Will+}
   (You took it off an orc on level 5 of the Dungeon)

   [ring of wizardry]

   It improves your spell success rate.
   It affects your willpower, your defense against some magical effects.
Wands
 n - a wand of enslavement (9)
 r - a wand of disintegration (8)
Scrolls
 b - a scroll of magic mapping {unknown}
 g - 6 scrolls of identify {unknown}
 m - a scroll of enchant armour {unknown}
 o - a scroll of teleportation {unknown}
 s - a scroll of noise {unknown}
 v - a scroll of fog {unknown}
Potions
 d - 3 potions of curing {unknown}
 h - a potion of invisibility {unknown}
 i - 2 potions of magic {unknown}
 k - 2 potions of lignification {unknown}
 l - a potion of brilliance {unknown}
 u - 2 potions of resistance {unknown}


   Skills:
 + Level 4.2 Fighting
 * Level 6.2 Long Blades
 * Level 5.7 Throwing
 + Level 4.7 Dodging


You had 7 spell levels left.
You didn't know any spells.
Your spell library was empty.

Dungeon Overview and Level Annotations

Branches:
Dungeon (5/15)             Temple (1/1) D:4

Altars:
Ashenzari
Cheibriados
Dithmenos
Elyvilon
Fedhas
Gozag
Hepliaklqana
Kikubaaqudgha
Makhleb
Nemelex Xobeh
Okawaru
Qazlal
Ru
Sif Muna
Trog
Uskayaw
Wu Jian
Xom
Yredelemnul
The Shining One

Annotations:
D:4 1 exclusion


Message History

The orc wizard is heavily wounded.
* * * LOW HITPOINT WARNING * * *
You feel very sick. The orc wizard barely misses you.
You riposte.
Your shield prevents you from hitting the orc wizard.
The orc wizard is heavily wounded.
You closely miss the orc wizard.
The orc wizard is heavily wounded.
* * * LOW HITPOINT WARNING * * *
You feel very sick. You block the orc wizard's attack.
You closely miss the orc wizard.
The orc wizard is heavily wounded.
* * * LOW HITPOINT WARNING * * *
You feel very sick.
The orc wizard gestures at you while chanting.
The magic dart hits you.
* * * LOW HITPOINT WARNING * * *
Unknown command.
Are you sure you want to abandon this character and quit the game? (Confirm with "yes".)

######### #..........
#.......# ##.........
##..>....# ###........
........# #...####.##
#....<.# #.### #.#
#......# ##.# #.# #...#
###..# #.##
#.#o#####...## #... #
#Bo@..#.### #...
#####....# ######.#. #
#.##.###......#.
#.#######........####.#.
#................# #.#.
...#..#..........# #.#.
#..............# #.#.
..>.#............# #.#.
##...[#..........# #.#.


You could see a worker ant, an orc wizard and an orc.

Vanquished Creatures
  Sigmund (D:3)
  An ogre (D:5)
  2 ice beasts (D:5)
  4 orc priests
  2 hounds (D:4)
  An orc wizard (D:4)
  A bullfrog skeleton (D:4)
  4 worker ants
  A hound skeleton (D:4)
  2 gnolls (D:3)
  A howler monkey skeleton (D:4)
  6 adders
  2 white imps (D:5)
  An ooze (D:3)
  An adder skeleton (D:5)
  3 worms
  3 dart slugs
  3 leopard geckos
  12 orcs
  5 giant cockroaches
  3 goblins
  5 hobgoblins
  4 jackals (D:3)
  A quokka (D:2)
  9 bats
  A frilled lizard (D:1)
  A giant cockroach zombie (D:5)
  12 kobolds
  A leopard gecko skeleton (D:4)
  6 rats
99 creatures vanquished.

Vanquished Creatures (collateral kills)
  A gnoll (D:5)
1 creature vanquished.

Vanquished Creatures (others)
  An ogre (D:5)
1 creature vanquished.

Grand Total: 101 creatures vanquished

Notes
Turn   | Place    | Note
-------+----------+-------------------------------------------
     0 | D:1      | Zeld the Human Gladiator began the quest for the Orb.
     0 | D:1      | Reached XP level 1. HP: 16/16 MP: 1/1
   211 | D:1      | Reached XP level 2. HP: 22/22 MP: 2/2
   843 | D:1      | Reached XP level 3. HP: 27/27 MP: 3/3
  1223 | D:2      | Reached XP level 4. HP: 23/34 MP: 4/4
  2028 | D:3      | Found a hazy altar of Hepliaklqana.
  2325 | D:3      | Noticed Sigmund
  2347 | D:3      | Killed Sigmund
  2348 | D:3      | Reached skill level 4 in Long Blades
  2348 | D:3      | Reached XP level 5. HP: 34/41 MP: 5/5
  2348 | D:3      | Reached XP level 6. HP: 39/47 MP: 6/6
  3273 | D:3      | Reached XP level 7. HP: 43/52 MP: 7/7
  3659 | D:4      | Found a staircase to the Ecumenical Temple.
  3665 | Temple   | Entered the Ecumenical Temple
  3705 | Temple   | Became a worshipper of the Shining One
  3903 | D:4      | Reached skill level 5 in Long Blades
  4186 | D:4      | Found an iron altar of Okawaru.
  5141 | D:5      | Entered Level 5 of the Dungeon
  5157 | D:5      | Found an ancient bone altar of Kikubaaqudgha.
  5356 | D:5      | Reached skill level 5 in Throwing
  5356 | D:5      | Reached XP level 8. HP: 47/60 MP: 8/8
  5507 | D:5      | Reached * piety under the Shining One
  5558 | D:5      | Reached skill level 6 in Long Blades
  5884 | D:5      | Was placed under penance by the Shining One
  6351 | D:5      | Found a glowing silver altar of Zin.
  6354 | D:5      | Found a glowing golden altar of the Shining One.
  6354 | D:5      | Found a burning altar of Makhleb.
  6365 | D:5      | Found a broken altar of Ashenzari.
  6365 | D:5      | Found a shimmering altar of Xom.
  6365 | D:5      | Found a shadowy altar of Dithmenos.
  6402 | D:5      | Identified the ring "Qiguaviu" {Wiz Will+}
  6449 | D:5      | Found a snail-covered altar of Cheibriados.
  6573 | D:5      | HP: 1/60 [orc wizard/magic dart (3)]
  6574 | D:5      | Quit the game

Illustrated notes

Levels and vault maps discovered:
D:1:      minmay_arrival_jagged, layout_basic, solitary_fountain
D:2:      layout_rooms, hangedman_abyss_or_decor_stabs, hangedman_decor_riveting
D:3:      minmay_skewed_foursquare, layout_loops_ring,
          nzn_hepliaklqana_mist_gate, uniq_sigmund
D:4:      cheibrodos_pilgrimage, layout_basic, okawaru_ov_weapons_minmay,
          minmay_temple_entry_glassed_door, grunt_decor_junction,
          due_unseen_surprise
D:5:      layout_rooms, kiku_gazebo_pond_becter, slow_altar_2,
          doesnt_xom_only_xom
Temple:   regret_index_temple_generic_petals

Skill      XL: |  1  2  3  4  5  6  7  8 |
---------------+-------------------------+-----
Throwing       | 3 4 5 |  5.7
Fighting       | 3 4 |  4.2
Long Blades    | 4 5 6 |  6.2
Dodging        | 4 |  4.7

Action                   |  1- 3 |  4- 6 |  7- 9 || total
-------------------------+-------+-------+-------++-------
Melee: Long sword        |   100 |   134 |   203 ||   437
Throw: Throwing net      |       |     3 |       ||     3
       Stone             |       |     1 |       ||     1
Evoke: Wand              |       |       |     3 ||     3
 Stab: Sleeping          |     1 |       |       ||     1
       Held in net/web   |       |     2 |       ||     2
Armor: Leather armour    |     7 |       |       ||     7
       Plate armour      |    83 |    82 |   126 ||   291
Dodge: Dodged            |    44 |    40 |    38 ||   122
Block: Kite shield       |       |       |    62 ||    62
       Rpst.: Long sword |    16 |    14 |    13 ||    43
